 Dungeon Crawl Stone Soup version 0.27-a0-522-g46bbb28828 (webtiles) character file.

Game seed: 12573233198043329210

998 Defined the Skirmisher (level 8, -1/67 HPs)
             Began as a Gnoll Wanderer on Mar 4, 2021.
             Was a Believer of Nemelex Xobeh.
             Slain by an iguana (6 damage)
             ... on level 6 of the Dungeon.
             The game lasted 00:18:52 (5126 turns).

Defined the Skirmisher (Gnoll Wanderer)             Turns: 5126, Time: 00:18:52

Health: -1/67      AC: 12    Str: 14    XL:     8   Next: 19%
Magic:  12/12      EV:  6    Int: 10    God:    Nemelex Xobeh [**....]
Gold:   328        SH: 12    Dex: 13    Spells: 13/13 levels left

rFire    + . .     SeeInvis .   r - +4 spear
rCold    . . .     Faith    .   w - +0 tower shield
rNeg     . . .     Spirit   .   d - +2 scale mail
rPois    +         Reflect  .   (no helmet)
rElec    .         Harm     .   D - +0 cloak
rCorr    .         Rampage  .   (no gloves)
Will     .....                  z - +0 pair of boots
Stlth    +.........             (no amulet)
HPRegen  0.21/turn              e - ring of poison resistance
MPRegen  0.13/turn              y - ring of protection from fire

@: no status effects
A: fangs 1, strong nose, distributed training
a: Renounce Religion, Draw Escape, Draw Destruction, Draw Summoning


You were on level 6 of the Dungeon.
You worshipped Nemelex Xobeh.
Nemelex Xobeh was pleased with you.
You visited 1 branch of the dungeon, and saw 6 of its levels.

You collected 328 gold pieces.

Inventory:

Hand Weapons
 a - a +0 club
 l - a +0 hunting sling
 m - a +1 war axe
 n - a +2 vorpal hunting sling
 r - a +4 spear (weapon)
Missiles
 f - 33 poisoned darts (quivered)
 k - 189 stones
 C - 8 boomerangs
Armour
 d - a +2 scale mail (worn)
 w - a +0 tower shield (worn)
 z - a +0 pair of boots (worn)
 A - a +4 plate armour of ponderousness
 D - a +0 cloak (worn)
Jewellery
 e - a ring of poison resistance (left hand)
 q - a ring of magical power
 v - a ring of positive energy
 y - a ring of protection from fire (right hand)
Wands
 c - a wand of random effects (4)
 o - a wand of digging (5)
Scrolls
 g - 6 scrolls of enchant weapon
 h - a scroll of amnesia
 j - 4 scrolls of teleportation
 p - 2 scrolls of immolation
 s - a scroll of fog
 t - a scroll of fear
Potions
 b - 7 potions of curing
 i - 3 potions of mutation
 u - 2 potions of brilliance
 x - a potion of heal wounds
 B - a potion of lignification {unknown}
 E - a potion of resistance {unknown}
 F - a potion of attraction {unknown}
 G - a potion of magic {unknown}
 H - a potion of invisibility {unknown}
 J - a potion of flight {unknown}


   Skills:
 + Level 7.3 Fighting
 + Level 3.0 Short Blades
 + Level 3.0 Long Blades
 + Level 3.0 Axes
 + Level 5.5 Maces & Flails
 + Level 3.0 Polearms
 + Level 3.0 Staves
 + Level 3.0 Slings
 + Level 3.0 Bows
 + Level 3.0 Crossbows
 + Level 3.0 Throwing
 + Level 5.5 Armour
 + Level 4.0 Dodging
 + Level 3.0 Stealth
 + Level 3.0 Shields
 + Level 3.0 Unarmed Combat
 + Level 3.0 Spellcasting
 + Level 2.4 Conjurations
 + Level 2.4 Hexes
 + Level 2.4 Summonings
 + Level 2.4 Necromancy
 + Level 2.4 Translocations
 + Level 2.4 Transmutations
 + Level 2.4 Fire Magic
 + Level 2.4 Ice Magic
 + Level 2.4 Air Magic
 + Level 2.4 Earth Magic
 + Level 2.4 Poison Magic
 + Level 3.3 Invocations
 + Level 5.5 Evocations


You had 13 spell levels left.
You didn't know any spells.
Your spell library was empty.

Dungeon Overview and Level Annotations

Branches:
Dungeon (6/15)
 Temple: D:4-7

Altars:
Ashenzari
Elyvilon
Fedhas
Gozag
Kikubaaqudgha
Nemelex Xobeh
Vehumet
Zin


Innate Abilities, Weirdness & Mutations

You have very sharp teeth.
Your uncanny sense of smell can sniff out nearby items.
Your experience applies equally to all skills.


Message History

You kill the shadow imp!
Things that are here:
a +0 dagger; a +0 robe; a +0 flail You see here a +0 mace.
You see here a +4 plate armour of ponderousness.
A - a +4 plate armour of ponderousness You see here a +0 mace.
Things that are here:
a +0 dagger; a +0 robe; a +0 flail
Things that are here:
a +0 short sword; a +0 leather armour You open the door.
An iguana comes into view.
The iguana hisses angrily.
There is an open door here.
You closely miss the iguana.
The iguana bites you but does no damage.
You hit the iguana. You bite the iguana.
The iguana is moderately wounded.
You block the iguana's attack. The iguana bites you.
* * * LOW HITPOINT WARNING * * *
Your scale mail prevents you from hitting the iguana.
Your bite misses the iguana.
The iguana is moderately wounded.
The iguana bites you but does no damage.
You hit the iguana but do no damage.
The iguana is moderately wounded.
The iguana bites you!
* * * LOW HITPOINT WARNING * * *
You hit the iguana.
The iguana is heavily wounded.
The iguana bites you.
* * * LOW HITPOINT WARNING * * *
The iguana bites you.
* * * LOW HITPOINT WARNING * * *
You hit the iguana.
The iguana is almost dead.
The iguana bites you.
You die...
Your body disappears without a glow.

.......# .......#
## ##.....# #.###
######.####...##+##
.......#..#...##..#
...^......#...#...#
##..5.##..##..##..#
#.... #..##..##l.#
......##..##)..'@.#
$........).)...#..#
$.........###+###.#
......##..# .#
...... #..# .. ...
#... ... .. #.... ∆
.... ...... .....
##+###..


You could see an iguana.

Vanquished Creatures
  Sigmund (D:3)
  An ogre (D:5)
  A phantom (D:6)
  A centaur (D:5)
  A howler monkey (D:4)
  4 hounds
  A centaur skeleton (D:4)
  An orc priest (D:6)
  An iguana (D:4)
  An orc wizard (D:6)
  2 worker ants (D:4)
  A hound zombie (D:5)
  A hound skeleton (D:4)
  A worker ant zombie (D:5)
  10 adders
  A shadow imp (D:6)
  A white imp (D:5)
  An ooze (D:3)
  An adder skeleton (D:5)
  3 worms
  A dart slug (D:1)
  7 leopard geckos
  27 orcs
  9 giant cockroaches
  8 goblins
  5 hobgoblins
  4 jackals (D:4)
  2 quokkas
  7 bats
  6 frilled lizards
  A jackal zombie (D:5)
  6 kobolds
  2 leopard gecko skeletons
  A leopard gecko zombie (D:6)
  5 rats
126 creatures vanquished.

Notes
Turn   | Place    | Note
-------+----------+-------------------------------------------
     0 | D:1      | Defined the Gnoll Wanderer began the quest for the Orb.
     0 | D:1      | Defined set off with the following items: a +0 club, a
                  | potion of curing, a wand of random effects (15), a +2 scale
                  | mail
     0 | D:1      | Reached XP level 1. HP: 23/23 MP: 1/1
   157 | D:1      | Reached XP level 2. HP: 23/29 MP: 2/2
   704 | D:2      | Found a sparkling altar of Nemelex Xobeh.
   717 | D:2      | Became a worshipper of Nemelex Xobeh the Trickster
   749 | D:2      | Reached XP level 3. HP: 34/35 MP: 3/3
   932 | D:2      | Found a white marble altar of Elyvilon.
   932 | D:2      | Found a radiant altar of Vehumet.
   941 | D:2      | Reached skill level 1 in Invocations
  1245 | D:2      | Reached skill level 1 in Short Blades
  1245 | D:2      | Reached skill level 1 in Long Blades
  1245 | D:2      | Reached skill level 1 in Axes
  1245 | D:2      | Reached skill level 1 in Polearms
  1245 | D:2      | Reached skill level 1 in Staves
  1245 | D:2      | Reached skill level 1 in Slings
  1245 | D:2      | Reached skill level 1 in Bows
  1245 | D:2      | Reached skill level 1 in Crossbows
  1245 | D:2      | Reached skill level 1 in Throwing
  1245 | D:2      | Reached skill level 1 in Stealth
  1245 | D:2      | Reached skill level 1 in Shields
  1245 | D:2      | Reached skill level 1 in Unarmed Combat
  1245 | D:2      | Reached skill level 1 in Spellcasting
  1457 | D:2      | Reached XP level 4. HP: 40/41 MP: 5/5
  1956 | D:3      | Reached * piety under Nemelex Xobeh
  2057 | D:3      | Found a broken altar of Ashenzari.
  2068 | D:3      | Reached skill level 1 in Conjurations
  2068 | D:3      | Reached skill level 1 in Hexes
  2068 | D:3      | Reached skill level 1 in Summonings
  2068 | D:3      | Reached skill level 1 in Necromancy
  2068 | D:3      | Reached skill level 1 in Translocations
  2068 | D:3      | Reached skill level 1 in Transmutations
  2068 | D:3      | Reached skill level 1 in Fire Magic
  2068 | D:3      | Reached skill level 1 in Ice Magic
  2068 | D:3      | Reached skill level 1 in Air Magic
  2068 | D:3      | Reached skill level 1 in Earth Magic
  2068 | D:3      | Reached skill level 1 in Poison Magic
  2366 | D:3      | Reached XP level 5. HP: 47/47 MP: 6/6
  2406 | D:3      | Noticed Sigmund
  2522 | D:3      | Killed Sigmund
  2523 | D:3      | Reached XP level 6. HP: 33/53 MP: 6/8
  2937 | D:4      | Reached skill level 5 in Maces & Flails
  2937 | D:4      | Reached skill level 5 in Armour
  2937 | D:4      | Reached skill level 5 in Evocations
  3225 | D:4      | Noticed Blork the orc
  3310 | D:4      | Noticed Blork
  3310 | D:4      | Blork the orc changed into Blork the howler monkey
  3322 | D:4      | Killed Blork the howler monkey
  3323 | D:4      | Reached XP level 7. HP: 12/59 MP: 10/10
  3762 | D:4      | Reached skill level 7 in Fighting
  3950 | D:4      | Received a gift from Nemelex Xobeh
  4162 | D:5      | Entered Level 5 of the Dungeon
  4513 | D:5      | Found a glowing silver altar of Zin.
  4515 | D:5      | Found a blossoming altar of Fedhas.
  4569 | D:5      | Found an ancient bone altar of Kikubaaqudgha.
  4660 | D:5      | Found an opulent altar of Gozag.
  4688 | D:5      | Reached ** piety under Nemelex Xobeh
  4933 | D:5      | Received a gift from Nemelex Xobeh
  4987 | D:6      | Reached XP level 8. HP: 53/67 MP: 12/12
  5126 | D:6      | Slain by an iguana

Illustrated notes

Levels and vault maps discovered:
D:1:      amcnicky_arrival_wind_blow, layout_rooms
D:2:      layout_loops_ring, chequers_temple_overflow_statue_of_worship,
          nemelex_diamond_rough_becter
D:3:      layout_basic, lemuel_round_altar, st_stairs_14,
          minmay_fractal_squares_diagonal_5, uniq_sigmund
D:4:      layout_rooms, uniq_blork_the_orc
D:5:      layout_rooms, nicolae_gozag_seed_capital, lemuel_round_altar,
          nicolae_overflow_hidden_temple, minmay_crystal_room
D:6:      layout_gridville, temple_statues, nicolae_ossuary_entry_monument,
          lightli_corner_chamber

Skill      XL: |  1  2  3  4  5  6  7  8 |
---------------+-------------------------+-----
Invocations    | 1 2 3 |  3.3
Short Blades   | 1 2 3 |  3.0
Long Blades    | 1 2 3 |  3.0
Axes           | 1 2 3 |  3.0
Polearms       | 1 2 3 |  3.0
Staves         | 1 2 3 |  3.0
Slings         | 1 2 3 |  3.0
Bows           | 1 2 3 |  3.0
Crossbows      | 1 2 3 |  3.0
Throwing       | 1 2 3 |  3.0
Stealth        | 1 2 3 |  3.0
Shields        | 1 2 3 |  3.0
Unarmed Combat | 1 2 3 |  3.0
Spellcasting   | 1 2 3 |  3.0
Conjurations   | 1 2 |  2.4
Hexes          | 1 2 |  2.4
Summonings     | 1 2 |  2.4
Necromancy     | 1 2 |  2.4
Translocations | 1 2 |  2.4
Transmutations | 1 2 |  2.4
Fire Magic     | 1 2 |  2.4
Ice Magic      | 1 2 |  2.4
Air Magic      | 1 2 |  2.4
Earth Magic    | 1 2 |  2.4
Poison Magic   | 1 2 |  2.4
Dodging        | 3 4 |  4.0
Maces & Flails | 5 |  5.5
Armour         | 5 |  5.5
Evocations     | 5 |  5.5
Fighting       | 7 |  7.3

Action                   |  1- 3 |  4- 6 |  7- 9 || total
-------------------------+-------+-------+-------++-------
Melee: Club              |    78 |       |       ||    78
       Bite              |    12 |    21 |    19 ||    52
       War axe           |    86 |    19 |       ||   105
       Punch             |     1 |     1 |       ||     2
       Spear             |       |   165 |   222 ||   387
       Unarmed           |       |     2 |       ||     2
 Fire: Hunting sling     |       |       |     2 ||     2
Throw: Dart              |     4 |       |       ||     4
Evoke: Wand              |     4 |     8 |       ||    12
  Use: Scroll            |     4 |     4 |     4 ||    12
       Potion            |       |     1 |       ||     1
Armor: Scale mail        |   116 |   111 |   143 ||   370
Dodge: Dodged            |   101 |    79 |    76 ||   256
Block: Tower shield      |       |    78 |   184 ||   262

Table legend: (Time is in decaauts)
 A = Elapsed time spent in this place.
 B = Non-inter-level travel time spent in this place.
 C = Inter-level travel time spent in this place.
 D = Time resting spent in this place.
 E = Time spent auto-exploring this place.
 F = Levels seen in this place.
 G = Mean time per level.
                   A        B        C        D        E       F      G
               +--------+--------+--------+--------+--------+-----+--------+
         Total |   5291 |   5198 |     93 |    531 |   2879 |   6 |  881.8 |
       Dungeon |   5291 |   5198 |     93 |    531 |   2879 |   6 |  881.8 |
               +--------+--------+--------+--------+--------+-----+--------+

Top non-repeatable levels by time:
     D:3: 1404 daAuts
     D:4: 1131 daAuts
     D:2: 1060 daAuts
     D:5: 831 daAuts
     D:1: 680 daAuts
     D:6: 183 daAuts
